 Dungeon Crawl Stone Soup version 0.30-a0-777-ga9a30cbeda (webtiles) character file.

Game seed: 543692761283991746

421 qeuew the Ruffian (level 6, -15/93 HPs)
             Began as a Troll Berserker on Feb 14, 2023.
             Was a Priest of Trog.
             Demolished by Pikel
             ... wielding a +2 whip of freezing
              (17 damage)
             ... on level 4 of the Dungeon.
             The game lasted 00:02:48 (1570 turns).

qeuew the Ruffian (Troll Berserker)                 Turns: 1570, Time: 00:02:49

Health: -15/93     AC:  8    Str: 26    XL:     6   Next: 62%
Magic:  5/5        EV: 11    Int:  3    God:    Trog [***...]
Gold:   175        SH:  0    Dex: 11    Spells: 5/5 levels left

rFire   + . .      SeeInvis .      - Unarmed
rCold   . . .      Faith    .    (no shield)
rNeg    . . .      Spirit   .    a - +1 animal skin
rPois   .          Reflect  .    (helmet restricted)
rElec   .          Harm     .    d - +2 cloak
rCorr   +          Rampage  .    (gloves unavailable)
Will    ++...                    (boots unavailable) Stlth
                                 (no amulet)
HPRegen 2.15/turn                f - ring of protection from fire
MPRegen 0.09/turn                g - ring of resist corrosion

@: berserking, lethally poisoned (-15 -> -16), strong-willed, regenerating, very
quick
A: large, unfitting armour, claws 3, regeneration 1, shaggy fur 1, tough skin 1
a: Renounce Religion, Berserk, Trog's Hand


You were on level 4 of the Dungeon.
You worshipped Trog.
Trog was most pleased with you.
You visited 1 branch of the dungeon, and saw 4 of its levels.

You collected 175 gold pieces.

Inventory:

Armour
 a - a +1 animal skin (worn)
 d - a +2 cloak (worn)
Jewellery
 f - a ring of protection from fire (left claw)
 g - a ring of resist corrosion (right claw)
Wands
 i - a wand of charming (12)
Scrolls
 b - a scroll of teleportation
Potions
 e - a potion of might
 h - a potion of haste


   Skills:
 + Level 4.1 Fighting
 * Level 4.2 Dodging
 * Level 4.2 Unarmed Combat
 + Level 1.3 Evocations


You had 5 spell levels left.
You didn't know any spells.
Your spell library was empty.

Dungeon Overview and Level Annotations

Branches:
Dungeon (4/15)
 Temple: D:4-7

Altars:
Cheibriados
Elyvilon
Okawaru

Annotations:
D:4 Pikel


Innate Abilities, Weirdness & Mutations

You are too large for most types of armour.
You have claws for hands.
Your natural rate of healing is unusually fast.
You are covered in fur. (AC +1)
You have tough skin. (AC +1)


Message History

You are too injured to fight recklessly!
Unknown command.
Your skin crawls.
You feel strong-willed.
A hobgoblin comes into view.
The iguana bites you!
* * * LOW HITPOINT WARNING * * *
The gnoll hits you but does no damage.
You are poisoned.
Pikel hits you but does no damage.
A red film seems to cover your vision as you go berserk!
You feel yourself moving faster!
You feel mighty!
You feel sick. The iguana bites you.
* * * LOW HITPOINT WARNING * * *
The gnoll hits you with a +2 spear of venom.
* * * LOW HITPOINT WARNING * * *
You are more poisoned.
Pikel barely misses you.
You closely miss Pikel.
Pikel is moderately wounded.
You feel very sick.
You closely miss Pikel.
Pikel is moderately wounded.
You feel sick.
A necrophage comes into view.
The iguana misses you. The gnoll barely misses you.
Pikel hits you with a +2 whip of freezing.
* * * LOW HITPOINT WARNING * * *
Pikel freezes you.
* * * LOW HITPOINT WARNING * * *
You claw Pikel!
Pikel is heavily wounded.
You feel sick.
You closely miss Pikel.
Pikel is heavily wounded.
You feel sick. The iguana bites you.
* * * LOW HITPOINT WARNING * * *
The gnoll barely misses you.
Pikel hits you with a +2 whip of freezing!
You die...

#..########..##
..## ## ##..#
.# #.. ##.#
#..# #.# ##...
#.### ......
#.†.#
....####.##
###.g###..#
#..5l@)...#
....##K###### .
#g #n .. .. ...
...


You could see Pikel (strong), a lemure, a necrophage, an iguana, a gnoll and a
hobgoblin.

Vanquished Creatures
  A black bear (D:4)
  3 lemures (D:4)
  A phantom (D:4)
  2 orc priests (D:3)
  An iguana (D:3)
  A mummy (D:3)
  A gnoll (D:4)
  6 adders
  A white imp (D:4)
  A worm (D:2)
  3 orcs (D:3)
  4 bats
  4 endoplasms
  10 goblins
  7 hobgoblins
  13 jackals
  6 kobolds
  3 quokkas
  7 ball pythons
  5 frilled lizards
  3 rats
83 creatures vanquished.

Vanquished Creatures (others)
  An adder (D:4)
  A gnoll (D:4)
  A bat (D:3)
3 creatures vanquished.

Grand Total: 86 creatures vanquished

Notes
Turn   | Place    | Note
-------+----------+-------------------------------------------
     0 | D:1      | qeuew the Troll Berserker began the quest for the Orb.
     0 | D:1      | Reached XP level 1. HP: 22/22 MP: 0/0
   125 | D:1      | Reached XP level 2. HP: 29/29 MP: 1/1
   436 | D:2      | Reached XP level 3. HP: 36/36 MP: 2/2
   515 | D:2      | Reached ** piety under Trog
   550 | D:2      | Found a faded altar of an unknown god.
   578 | D:2      | Reached XP level 4. HP: 45/45 MP: 3/3
  1003 | D:3      | Found a white marble altar of Elyvilon.
  1277 | D:3      | Found a snail-covered altar of Cheibriados.
  1283 | D:3      | Reached XP level 5. HP: 53/53 MP: 4/4
  1446 | D:4      | Noticed a phantom
  1448 | D:4      | Found an iron altar of Okawaru.
  1452 | D:4      | Reached *** piety under Trog
  1462 | D:4      | Killed a phantom
  1463 | D:4      | Reached skill level 1 in Evocations
  1463 | D:4      | Reached XP level 6. HP: 57/62 MP: 5/5
  1529 | D:4      | Noticed Pikel
  1570 | D:4      | HP: 4/93 [poisoned by a gnoll]
  1570 | D:4      | Demolished by Pikel

Illustrated notes

Levels and vault maps discovered:
D:1:      amcnicky_arrival_abandoned_market, layout_rooms
D:2:      layout_rooms, hellmonk_ecumenical_altar_run_dry
D:3:      layout_rooms, slow_altar_1, elyvilon_altar_4, minmay_vboxes
D:4:      layout_rooms, nicolae_overflow_hidden_temple, uniq_robin, uniq_pikel

Skill      XL: |  1  2  3  4  5  6 |
---------------+-------------------+-----
Fighting       | 3 4 |  4.1
Dodging        | 3 4 |  4.2
Evocations     | 1 |  1.3
Unarmed Combat | 4 |  4.2

Action                     |  1- 3 |  4- 6 || total
---------------------------+-------+-------++-------
  Melee: Unarmed           |    84 |   160 ||   244
         Punch             |     2 |     2 ||     4
 Invoke: Berserk           |       |     1 ||     1
         Trog's Hand       |       |     1 ||     1
    Use: Scroll            |     2 |     5 ||     7
         Potion            |       |     7 ||     7
   Stab: Sleeping          |     1 |       ||     1
 Armour: Animal skin       |    40 |    65 ||   105
  Dodge: Dodged            |    52 |    86 ||   138

Table legend: (Time is in decaauts)
 A = Elapsed time spent in this place.
 B = Non-inter-level travel time spent in this place.
 C = Inter-level travel time spent in this place.
 D = Time resting spent in this place.
 E = Time spent auto-exploring this place.
 F = Levels seen in this place.
 G = Mean time per level.
                   A        B        C        D        E       F      G
               +--------+--------+--------+--------+--------+-----+--------+
         Total |   1547 |   1487 |     60 |     25 |   1015 |   4 |  386.8 |
       Dungeon |   1547 |   1487 |     60 |     25 |   1015 |   4 |  386.8 |
               +--------+--------+--------+--------+--------+-----+--------+

Top non-repeatable levels by time:
     D:3: 564 daAuts
     D:2: 457 daAuts
     D:1: 414 daAuts
     D:4: 111 daAuts
